 Dungeon Crawl Stone Soup version 0.26.1-11-gd32895ea62 (webtiles) character file.

Game seed: 8553915509456709693

98 Zeld the Grasshopper (level 4, -3/29 HPs)
             Began as an Octopode Warper on May 17, 2021.
             Slain by a hound (5 damage)
             ... on level 4 of the Dungeon.
             The game lasted 00:01:45 (1079 turns).

Zeld the Grasshopper (Octopode Warper)              Turns: 1079, Time: 00:01:46

Health: -3/29      AC:  1    Str: 11    XL:     4   Next: 71%
Magic:  2/8        EV: 13    Int: 15    God:
Gold:   24         SH:  0    Dex: 11    Spells: 3/8 levels left

rFire    . . .     SeeInvis .   a - +0 mace
rCold    . . .     Faith    .   (no shield)
rNeg     . . .     Spirit   .   (helmet restricted)
rPois    .         Reflect  .   (no amulet)
rElec    .         Harm     .   (no ring)
rCorr    .         Rampage  .   (no ring)
Will     .....                  (no ring)
Stlth    ++........             (no ring)
HPRegen  0.09/turn              (no ring)
MPRegen  0.11/turn              (no ring)
                                (no ring)
                                (no ring)

@: no status effects
A: almost no armour, stealthy swim, amphibious, 8 rings, constrict 8, camouflage
1, gelatinous body 1
a: no special abilities


You were on level 4 of the Dungeon.
You visited 1 branch of the dungeon, and saw 4 of its levels.

You collected 24 gold pieces.

Inventory:

Hand Weapons
 a - a +0 mace (weapon)
 g - a +0 mace
Missiles
 b - 2 boomerangs of dispersal (quivered)
Scrolls
 c - a scroll of blinking
 e - a scroll of identify {unknown}
 f - a scroll of teleportation {unknown}
Potions
 d - a potion of curing {unknown}


   Skills:
 - Level 2.0 Fighting
 * Level 3.6 Maces & Flails
 - Level 1.0 Throwing
 - Level 2.3 Dodging
 + Level 2.7 Spellcasting
 + Level 3.6 Translocations


You had 3 spell levels left.
You knew the following spells:

 Your Spells              Type           Power        Failure   Level
a - Blink                 Tloc           N/A          7%          2
b - Gell's Gravitas       Tloc           6%           14%         3

Your spell library contained the following spells:

 Spells                   Type           Power        Failure   Level
 Lesser Beckoning         Tloc           6%           14%         3
 Teleport Other           Tloc           13%          14%         3
 Passage of Golubria      Tloc           N/A          41%         4


Dungeon Overview and Level Annotations

Branches:
Dungeon (4/15)
 Temple: D:4-7

Altars:


Innate Abilities, Weirdness & Mutations

You cannot wear most types of armour.
You are very stealthy in the water. (Stealth+)
You are amphibious.
You can wear up to eight rings at the same time.
You can use your tentacles to constrict eight enemies at once.
Your skin changes colour to match your surroundings (Stealth+).
Your rubbery body absorbs attacks. (AC +1, EV +1)


Message History

* * * LOW HITPOINT WARNING * * *
You hit the hound skeleton. You squeeze the hound skeleton.
The hound skeleton is almost destroyed.
You constrict the hound skeleton. The hound skeleton misses you.
The hound skeleton closely misses you.
You hit the hound skeleton.
You destroy the hound skeleton!
The hound bites you.
* * * LOW HITPOINT WARNING * * *
You barely miss the hound. You grab the hound.
The hound is severely wounded.
You constrict the hound, but do no damage.
The hound bites you.
* * * LOW HITPOINT WARNING * * *
The hound misses you.
You hit the hound.
The hound is severely wounded.
You constrict the hound, but do no damage.
The hound bites you.
You die...

#.##.....#
#.##.#.#.#
#.##.......
#.##.....#.)
#.####.##.#.
#.# .....
#.# .....
#>###...#..
#..@h......
#####......
#...# ....
.(. .. .


You could see a hound.

Vanquished Creatures
  A worker ant (D:4)
  2 hound skeletons
  An ooze (D:3)
  A dart slug (D:1)
  10 orcs
  4 bats
  A giant cockroach (D:2)
  3 hobgoblins
  3 kobolds (D:3)
  4 quokkas
  3 frilled lizards
  2 rats (D:3)
35 creatures vanquished.

Notes
Turn   | Place    | Note
-------+----------+-------------------------------------------
     0 | D:1      | Zeld the Octopode Warper began the quest for the Orb.
     0 | D:1      | Reached XP level 1. HP: 14/14 MP: 3/3
   106 | D:2      | Reached XP level 2. HP: 15/19 MP: 5/5
   119 | D:2      | Learned a level 2 spell: Blink
   311 | D:2      | Reached XP level 3. HP: 24/24 MP: 6/6
   316 | D:2      | Learned a level 3 spell: Gell's Gravitas
   944 | D:4      | Noticed an ogre
   961 | D:4      | Reached XP level 4. HP: 16/29 MP: 7/7
  1079 | D:4      | Slain by a hound

Illustrated notes

Levels and vault maps discovered:
D:1:      grunt_arrival_crossed_arrows, layout_loops_corners,
          minmay_misc_feat_alley, item_on_display_a
D:2:      layout_loops_cross, uniq_robin, uniq_crazy_yiuf_cottage
D:3:      cheibrodos_thug_alley, layout_basic, kennysheep_jessica_study
D:4:      layout_loops_ring, gup_sewer_entry_glass, serial_shops, shop,
          kennysheep_doodads

Skill      XL: |  1  2  3 |
---------------+----------+-----
Maces & Flails | 3 |  3.6
Fighting       | |  2.0
Throwing       | |  1.0
Dodging        | |  2.3
Spellcasting   | |  2.7
Translocations | |  3.6

Action                   |  1- 3 |  4- 6 || total
-------------------------+-------+-------++-------
Melee: Mace              |    56 |    13 ||    69
       Constrict         |    19 |     5 ||    24
       Tentacles         |    11 |     4 ||    15
Throw: Boomerang         |       |     3 ||     3
 Cast: Gell's Gravitas   |       |     2 ||     2
 Stab: Sleeping          |     4 |       ||     4
Armor: Skin              |     6 |     1 ||     7
Dodge: Dodged            |    39 |     5 ||    44
